AoeStats
← Freaky Butch

Arena

509924101Analyzed
1v1 RM · 2d ago on Sep 28, 2026· 96m 27s· 2 players
Game mode
Random Map
Map size
Tiny (2 player)
Population
200
Speed
Normal
Resources
Standard
Victory
Conquest
Starting age
Dark Age
Ending age
Imperial Age
RankedLock teamsTeams togetherTeam positionsShared explorationLock speedFull tech treeHidden civsTurbo modeCheats
Victory
Defeat
🇮🇳 Vikings · India
976
+16
🇪🇸 Celts · Spain
985
-16
Freaky Butch
11:52 Feudal Age
16:05 Castle Age
13:56 Double-Bit Axe
13:59 Horse Collar
14:40 Gold Mining
15:08 Loom
16:23 Scale Mail Armor
17:26 Town Watch
18:30 Bow Saw
18:23 Heavy Plow
18:53 Stone Mining
25:27 Chain Mail Armor
25:23 Forging
27:27 Devotion
27:39 Fervor
31:18 Imperial Age
28:57 Squires
28:42 Arson
30:27 Iron Casting
29:53 Fletching
30:05 Padded Archer Armor
31:26 Elite Berserk
32:27 Conscription
33:06 Chieftains
32:31 Crossbowman
33:58 Hoardings
33:48 Fortified Wall
34:03 Ballistics
33:55 Masonry
34:27 Town Patrol
35:32 Plate Mail Armor
36:29 Gold Shaft Mining
38:23 Arbalester
40:30 Blast Furnace
39:26 Bodkin Arrow
40:40 Bogsveigar
42:49 Chemistry
43:51 Faith
43:43 Fervor
43:47 Bracer
50:09 Cavalier
51:35 Scale Barding Armor
51:47 Leather Archer Armor
56:25 Crop Rotation
56:35 Light Cavalry
57:40 Chain Barding Armor
58:10 Ring Archer Armor
57:52 Siege Engineers
58:18 Architecture
57:29 Treadmill Crane
57:47 Murder Holes
63:14 Two-Man Saw
eduardo
7:53 Loom
10:47 Feudal Age
11:22 Double-Bit Axe
11:40 Horse Collar
17:43 Castle Age
16:14 Stone Mining
16:35 Gold Mining
17:02 Scale Mail Armor
17:18 Fletching
18:13 Forging
20:23 Heavy Plow
25:08 Wheelbarrow
24:48 Town Watch
25:45 Bow Saw
28:44 Chain Mail Armor
30:03 Iron Casting
33:25 Gold Shaft Mining
32:50 Pikeman
36:16 Imperial Age
37:58 Plate Mail Armor
38:28 Blast Furnace
37:42 Onager
38:55 Hand Cart
40:29 Elite Woad Raider
42:06 Arson
42:46 Siege Engineers
43:42 Chemistry
42:53 Masonry
42:54 Fortified Wall
42:28 Elite Skirmisher
46:11 Furor Celtica
45:53 Stronghold
47:09 Heavy Scorpion
56:42 Halberdier
64:55 Hoardings
64:41 Conscription
73:20 Conscription
73:37 Hoardings
77:10 Capped Ram
78:35 Siege Ram
Connection lost

Rejoining the realm…

Still unreachable

The connection could not be restored.

Session expired

The server has moved on; the page needs a fresh start.